[ AOE2 MATCH · #484649998 ]
UnrankedBritons vs Vietnamese
[ REPLAY ANALYSIS · EXTRACTED FROM THE RECORDED GAME ]
Feudal
10:31
Castle
16:09
Imperial
34:22
| APM avg | 36.1 |
| APM peak | 76 |
| eAPM avg | 19.6 |
| Villagers / military | 107 / 89 |
Focus
⚔️ 20.3% · 🌾 79.7%
Skirmisher ×60 · Archer ×26 · Monk ×3
Feudal
11:21
Castle
14:54
Imperial
28:36
| APM avg | 29.7 |
| APM peak | 85 |
| eAPM avg | 17.0 |
| Villagers / military | 131 / 106 |
Focus
⚔️ 32.2% · 🌾 67.8%
Archer ×62 · Rattan Archer ×19 · Battle Elephant ×16 · Trebuchet (Packed) ×7 · Monk ×2
Feudal
11:32
Castle
16:17
Imperial
33:50
| APM avg | 17.0 |
| APM peak | 40 |
| eAPM avg | 13.1 |
| Villagers / military | 176 / 146 |
Focus
⚔️ 26.8% · 🌾 73.2%
Skirmisher ×103 · Kamayuk ×32 · Unknown (2550) ×16 · Spearman ×7 · Battering Ram ×4
Feudal
11:54
Castle
18:58
Imperial
32:28
| APM avg | 17.5 |
| APM peak | 45 |
| eAPM avg | 12.3 |
| Villagers / military | 111 / 117 |
Focus
⚔️ 33.1% · 🌾 66.9%
Skirmisher ×77 · Genoese Crossbowman ×32 · Trade Cart ×8 · Bombard Cannon ×5 · Battering Ram ×2 · Monk ×1
Feudal
13:18
Castle
18:15
Imperial
34:05
| APM avg | 14.6 |
| APM peak | 42 |
| eAPM avg | 11.0 |
| Villagers / military | 98 / 77 |
Focus
⚔️ 23.7% · 🌾 76.3%
Skirmisher ×55 · Unknown (1974) ×47 · Spearman ×20 · Unknown (1942) ×4 · Monk ×2
Feudal
11:55
Castle
17:40
Imperial
41:17
| APM avg | 17.2 |
| APM peak | 40 |
| eAPM avg | 11.7 |
| Villagers / military | 108 / 98 |
Focus
⚔️ 32.8% · 🌾 67.2%
Knight ×47 · Skirmisher ×32 · Coustillier ×19
Match map
Initial resources + every placement click. Lines = walls · curves = elevation contours. ◆ gold · ⬟ stone · ● berries · ✦ relic · ◌ wall gap
Your base· ✓ Closed at 16:09 · 0t walls · 3 gate(s)
aleturrini1988's base· ✓ Closed at 14:54 · 0t walls · 3 gate(s)
Toijye's base· ✓ Closed at 16:17 · 0t walls · 2 gate(s)
Rorschach's base· ✓ Closed at 18:58 · 0t walls · 2 gate(s)
Alice's base· ✓ Closed at 18:15 · 0t walls · 2 gate(s)
Vincenzo's base· ✓ Closed at 17:40 · 0t walls · 2 gate(s)
Smoothed initial terrain · ◌ = detected wall gap · hover for details
Inputs per minute
— R3TR0 - - aleturrini1988
Build order — R3TR0
First 150 of 295 actions detected
| 0:02 | Build | House |
| 0:04 | Build | House |
| 0:05 | Create | Villager (Male) |
| 0:06 | Create | Villager (Male) |
| 0:06 | Create | Villager (Male) |
| 0:06 | Create | Villager (Male) |
| 0:06 | Create | Villager (Male) |
| 1:41 | Create | Villager (Male) |
| 2:15 | Create | Villager (Male) |
| 2:32 | Create | Villager (Male) |
| 2:54 | Build | Mill |
| 2:56 | Create | Villager (Male) |
| 3:40 | Create | Villager (Male) |
| 3:40 | Create | Villager (Male) |
| 4:17 | Create | Villager (Male) |
| 4:22 | Build | House |
| 5:15 | Create | Villager (Male) |
| 5:29 | Create | Villager (Male) |
| 5:47 | Create | Villager (Male) |
| 6:01 | Build | House |
| 6:18 | Create | Villager (Male) |
| 6:47 | Build | Lumber Camp |
| 6:50 | Create | Villager (Male) |
| 7:09 | Create | Villager (Male) |
| 7:56 | Create | Villager (Male) |
| 8:02 | Build | Mill |
| 8:06 | Research | Feudal Age |
| 9:42 | Build | Farm |
| 9:53 | Build | House |
| 10:29 | Build | Mining Camp |
| 10:31 | Age | Feudal Age |
| 10:35 | Build | Farm |
| 10:38 | Build | Farm |
| 10:44 | Build | Farm |
| 10:51 | Create | Villager (Male) |
| 11:21 | Create | Villager (Male) |
| 11:40 | Build | Blacksmith |
| 11:53 | Create | Villager (Male) |
| 12:33 | Build | Market |
| 12:58 | Create | Villager (Male) |
| 13:29 | Research | Castle Age |
| 13:33 | Build | Barracks |
| 13:38 | Create | Villager (Male) |
| 13:54 | Research | Double-Bit Axe |
| 14:12 | Build | House |
| 14:13 | Build | House |
| 15:01 | Build | Archery Range |
| 15:04 | Create | Villager (Male) |
| 16:09 | Age | Castle Age |
| 16:11 | Build | Farm |
| 16:14 | Create | Villager (Male) |
| 16:19 | Build | Town Center |
| 16:25 | Create | Villager (Male) |
| 16:25 | Create | Villager (Male) |
| 16:26 | Create | Villager (Male) |
| 16:28 | Create | Villager (Male) |
| 16:41 | Create | Villager (Male) |
| 16:49 | Research | Horse Collar |
| 17:24 | Create | Villager (Male) |
| 17:37 | Create | Villager (Male) |
| 17:46 | Research | Bow Saw |
| 17:52 | Create | Villager (Male) |
| 17:59 | Create | Villager (Male) |
| 18:15 | Build | Farm |
| 18:33 | Build | Farm |
| 18:33 | Build | Farm |
| 18:34 | Build | Farm |
| 18:39 | Build | Farm |
| 18:41 | Build | Farm |
| 18:42 | Create | Villager (Male) |
| 18:50 | Build | Farm |
| 19:02 | Create | Villager (Male) |
| 19:08 | Create | Villager (Male) |
| 19:13 | Build | Farm |
| 19:31 | Build | Farm |
| 19:32 | Create | Villager (Male) |
| 19:35 | Create | Villager (Male) |
| 19:59 | Build | Farm |
| 20:03 | Build | Farm |
| 20:06 | Create | Villager (Male) |
| 20:18 | Research | Heavy Plow |
| 20:26 | Create | Villager (Male) |
| 20:30 | Build | Farm |
| 20:37 | Create | Villager (Male) |
| 20:40 | Build | House |
| 20:41 | Build | House |
| 20:41 | Build | House |
| 20:56 | Research | Gold Mining |
| 21:06 | Build | Farm |
| 21:11 | Build | Farm |
| 21:22 | Build | Farm |
| 21:24 | Create | Villager (Male) |
| 21:24 | Create | Villager (Male) |
| 21:30 | Create | Villager (Male) |
| 21:47 | Build | Monastery |
| 21:53 | Create | Villager (Male) |
| 22:02 | Research | Wheelbarrow |
| 22:20 | Build | Mining Camp |
| 22:26 | Build | Farm |
| 22:27 | Create | Villager (Male) |
| 22:33 | Create | Monk |
| 22:41 | Create | Archer |
| 22:43 | Research | Crossbowman (upgrade) |
| 22:47 | Create | Villager (Male) |
| 23:00 | Build | Farm |
| 23:15 | Create | Villager (Male) |
| 23:26 | Create | Villager (Male) |
| 23:41 | Create | Villager (Male) |
| 23:45 | Create | Villager (Male) |
| 23:57 | Create | Archer |
| 23:57 | Create | Archer |
| 24:03 | Build | Farm |
| 24:04 | Create | Villager (Male) |
| 24:06 | Create | Villager (Male) |
| 24:20 | Build | Archery Range |
| 24:23 | Build | Archery Range |
| 24:37 | Build | House |
| 24:38 | Build | House |
| 24:39 | Build | House |
| 24:39 | Build | House |
| 24:41 | Create | Villager (Male) |
| 24:48 | Build | House |
| 24:50 | Build | House |
| 24:52 | Create | Villager (Male) |
| 25:48 | Build | Farm |
| 25:52 | Build | House |
| 25:52 | Build | House |
| 25:53 | Build | House |
| 25:53 | Build | House |
| 25:53 | Build | House |
| 26:04 | Research | Fletching |
| 26:04 | Research | Padded Archer Armor |
| 26:09 | Create | Archer |
| 26:10 | Create | Archer |
| 26:10 | Create | Archer |
| 26:16 | Create | Monk |
| 26:17 | Create | Monk |
| 26:20 | Build | Farm |
| 26:22 | Create | Villager (Male) |
| 26:22 | Create | Villager (Male) |
| 26:25 | Create | Villager (Male) |
| 26:26 | Create | Villager (Male) |
| 26:26 | Create | Villager (Male) |
| 26:31 | Research | Stone Mining |
| 26:33 | Research | Gold Shaft Mining |
| 26:53 | Build | University |
| 26:56 | Create | Villager (Male) |
| 27:23 | Build | House |
| 27:24 | Build | House |
| 27:24 | Build | House |
Build order — aleturrini1988
First 150 of 367 actions detected
| 0:01 | Create | Villager (Male) |
| 0:02 | Create | Villager (Male) |
| 0:02 | Create | Villager (Male) |
| 0:02 | Create | Villager (Male) |
| 0:03 | Build | House |
| 0:04 | Build | House |
| 1:26 | Create | Villager (Male) |
| 1:58 | Build | Lumber Camp |
| 2:00 | Create | Villager (Male) |
| 2:15 | Create | Villager (Male) |
| 2:15 | Create | Villager (Male) |
| 2:57 | Create | Villager (Male) |
| 3:16 | Create | Villager (Male) |
| 3:16 | Create | Villager (Male) |
| 3:26 | Build | House |
| 3:49 | Build | Mill |
| 3:51 | Create | Villager (Male) |
| 4:22 | Create | Villager (Male) |
| 4:23 | Create | Villager (Male) |
| 4:23 | Create | Villager (Male) |
| 4:55 | Create | Villager (Male) |
| 4:55 | Create | Villager (Male) |
| 5:51 | Create | Villager (Male) |
| 5:51 | Create | Villager (Male) |
| 5:51 | Create | Villager (Male) |
| 5:52 | Create | Villager (Male) |
| 6:20 | Build | House |
| 6:21 | Build | Mill |
| 6:28 | Create | Villager (Male) |
| 7:56 | Create | Villager (Male) |
| 7:56 | Create | Villager (Male) |
| 7:59 | Build | Mining Camp |
| 8:21 | Research | Loom |
| 8:21 | Research | Feudal Age |
| 8:29 | Create | Villager (Male) |
| 8:50 | Research | Feudal Age |
| 9:02 | Build | House |
| 9:34 | Build | Farm |
| 9:35 | Build | Farm |
| 9:35 | Build | Farm |
| 9:36 | Build | Farm |
| 10:48 | Build | Farm |
| 11:21 | Age | Feudal Age |
| 11:22 | Create | Villager (Male) |
| 11:26 | Build | Market |
| 11:30 | Build | Blacksmith |
| 12:14 | Research | Castle Age |
| 12:14 | Research | Castle Age |
| 12:45 | Research | Horse Collar |
| 12:49 | Research | Double-Bit Axe |
| 12:57 | Build | Farm |
| 13:00 | Build | Farm |
| 13:01 | Build | Farm |
| 13:03 | Build | Farm |
| 14:52 | Create | Villager (Male) |
| 14:52 | Create | Villager (Male) |
| 14:52 | Create | Villager (Male) |
| 14:54 | Age | Castle Age |
| 14:58 | Build | Town Center |
| 15:09 | Research | Bow Saw |
| 15:11 | Research | Heavy Plow |
| 15:14 | Research | Gold Mining |
| 15:54 | Create | Villager (Male) |
| 15:55 | Create | Villager (Male) |
| 15:57 | Create | Villager (Male) |
| 15:58 | Create | Villager (Male) |
| 16:21 | Create | Villager (Male) |
| 16:34 | Build | House |
| 16:36 | Build | House |
| 16:38 | Build | Palisade Wall |
| 16:52 | Create | Villager (Male) |
| 17:09 | Create | Villager (Male) |
| 17:09 | Create | Villager (Male) |
| 17:12 | Create | Villager (Male) |
| 17:17 | Build | Town Center |
| 17:20 | Create | Villager (Male) |
| 17:28 | Create | Villager (Male) |
| 17:28 | Create | Villager (Male) |
| 17:54 | Build | Farm |
| 18:06 | Build | Farm |
| 18:07 | Build | Farm |
| 18:08 | Build | Farm |
| 18:10 | Build | Farm |
| 18:24 | Build | Farm |
| 18:29 | Create | Villager (Male) |
| 18:41 | Create | Villager (Male) |
| 18:41 | Create | Villager (Male) |
| 18:48 | Build | Farm |
| 18:56 | Build | Farm |
| 19:09 | Build | House |
| 19:15 | Build | Farm |
| 19:17 | Create | Villager (Male) |
| 19:17 | Create | Villager (Male) |
| 19:21 | Build | Farm |
| 19:23 | Create | Villager (Male) |
| 19:23 | Create | Villager (Male) |
| 19:33 | Create | Villager (Male) |
| 19:33 | Create | Villager (Male) |
| 19:33 | Create | Villager (Male) |
| 19:33 | Create | Villager (Male) |
| 19:47 | Create | Villager (Male) |
| 19:47 | Create | Villager (Male) |
| 19:55 | Build | Farm |
| 19:55 | Build | Farm |
| 20:01 | Research | Wheelbarrow |
| 20:06 | Build | Farm |
| 20:07 | Create | Villager (Male) |
| 20:07 | Create | Villager (Male) |
| 20:13 | Build | Barracks |
| 20:26 | Build | Farm |
| 20:28 | Build | Farm |
| 20:35 | Research | Stone Mining |
| 20:42 | Create | Villager (Male) |
| 20:42 | Create | Villager (Male) |
| 20:42 | Create | Villager (Male) |
| 21:08 | Build | Archery Range |
| 21:11 | Create | Villager (Male) |
| 21:11 | Create | Villager (Male) |
| 21:30 | Build | House |
| 21:42 | Create | Villager (Male) |
| 21:42 | Create | Villager (Male) |
| 21:51 | Create | Villager (Male) |
| 21:52 | Create | Villager (Male) |
| 21:56 | Create | Villager (Male) |
| 21:56 | Create | Villager (Male) |
| 21:59 | Build | Farm |
| 22:07 | Create | Villager (Male) |
| 22:17 | Build | Archery Range |
| 22:21 | Create | Villager (Male) |
| 22:21 | Create | Villager (Male) |
| 22:27 | Create | Villager (Male) |
| 22:31 | Build | House |
| 22:32 | Build | House |
| 22:33 | Build | House |
| 22:34 | Build | House |
| 22:52 | Build | Farm |
| 23:08 | Build | Monastery |
| 23:15 | Build | Mining Camp |
| 23:19 | Create | Villager (Male) |
| 23:19 | Create | Villager (Male) |
| 23:29 | Build | Market |
| 24:11 | Build | University |
| 24:23 | Create | Villager (Male) |
| 24:24 | Create | Villager (Male) |
| 24:29 | Create | Villager (Male) |
| 24:32 | Create | Villager (Male) |
| 24:32 | Create | Villager (Male) |
| 24:55 | Create | Villager (Male) |
| 25:05 | Create | Villager (Male) |
| 25:06 | Create | Villager (Male) |
Build order — Toijye
First 150 of 324 actions detected
| 0:03 | Build | House |
| 0:05 | Build | House |
| 0:07 | Create | Villager (Male) |
| 0:07 | Create | Villager (Male) |
| 0:07 | Create | Villager (Male) |
| 0:08 | Create | Villager (Male) |
| 1:55 | Create | Villager (Male) |
| 2:06 | Create | Villager (Male) |
| 2:34 | Build | Settlement |
| 2:42 | Create | Villager (Male) |
| 2:43 | Create | Villager (Male) |
| 3:21 | Create | Villager (Male) |
| 3:21 | Create | Villager (Male) |
| 3:39 | Create | Villager (Male) |
| 3:39 | Create | Villager (Male) |
| 4:14 | Create | Villager (Male) |
| 4:14 | Create | Villager (Male) |
| 4:33 | Create | Villager (Male) |
| 4:34 | Create | Villager (Male) |
| 6:01 | Create | Villager (Male) |
| 6:21 | Create | Villager (Male) |
| 6:22 | Create | Villager (Male) |
| 6:22 | Create | Villager (Male) |
| 6:23 | Create | Villager (Male) |
| 6:35 | Build | Settlement |
| 7:23 | Create | Villager (Male) |
| 8:15 | Create | Villager (Male) |
| 8:18 | Create | Villager (Male) |
| 8:37 | Build | Settlement |
| 9:20 | Research | Feudal Age |
| 9:40 | Build | Farm |
| 9:52 | Build | Settlement |
| 9:56 | Build | Farm |
| 9:59 | Build | Farm |
| 10:07 | Create | Villager (Male) |
| 10:09 | Create | Villager (Male) |
| 10:09 | Research | Loom |
| 10:52 | Build | Farm |
| 10:57 | Create | Villager (Male) |
| 11:32 | Age | Feudal Age |
| 11:34 | Build | Market |
| 11:37 | Build | Blacksmith |
| 12:32 | Build | Farm |
| 12:53 | Create | Villager (Male) |
| 13:21 | Build | Farm |
| 13:37 | Research | Castle Age |
| 14:37 | Research | Double-Bit Axe |
| 14:42 | Research | Horse Collar |
| 14:55 | Build | Farm |
| 14:56 | Build | Farm |
| 14:57 | Build | Farm |
| 15:04 | Build | Farm |
| 16:17 | Age | Castle Age |
| 16:21 | Build | Town Center |
| 16:35 | Build | Town Center |
| 16:47 | Create | Villager (Male) |
| 16:47 | Create | Villager (Male) |
| 16:48 | Create | Villager (Male) |
| 16:50 | Create | Villager (Male) |
| 17:30 | Create | Villager (Male) |
| 17:39 | Research | Bow Saw |
| 17:43 | Create | Villager (Male) |
| 17:44 | Create | Villager (Male) |
| 17:56 | Create | Villager (Male) |
| 17:57 | Create | Villager (Male) |
| 18:01 | Build | Farm |
| 18:08 | Build | Farm |
| 18:11 | Build | Farm |
| 18:12 | Create | Villager (Male) |
| 18:16 | Create | Villager (Male) |
| 18:18 | Create | Villager (Male) |
| 18:19 | Create | Villager (Male) |
| 18:19 | Create | Villager (Male) |
| 18:25 | Create | Villager (Male) |
| 18:53 | Build | Farm |
| 18:57 | Create | Villager (Male) |
| 19:01 | Build | Farm |
| 19:02 | Create | Villager (Male) |
| 19:06 | Create | Villager (Male) |
| 19:07 | Create | Villager (Male) |
| 19:07 | Create | Villager (Male) |
| 19:19 | Create | Villager (Male) |
| 19:24 | Create | Villager (Male) |
| 19:38 | Build | Farm |
| 19:38 | Build | Farm |
| 19:39 | Build | Farm |
| 19:42 | Create | Villager (Male) |
| 19:47 | Create | Villager (Male) |
| 19:48 | Create | Villager (Male) |
| 20:04 | Build | Town Center |
| 20:09 | Create | Villager (Male) |
| 20:10 | Create | Villager (Male) |
| 20:18 | Create | Villager (Male) |
| 20:22 | Create | Villager (Male) |
| 20:32 | Create | Villager (Male) |
| 20:41 | Create | Villager (Male) |
| 21:13 | Research | Wheelbarrow |
| 21:17 | Create | Villager (Male) |
| 21:21 | Create | Villager (Male) |
| 21:26 | Create | Villager (Male) |
| 21:29 | Build | Farm |
| 21:30 | Build | Farm |
| 21:31 | Build | Farm |
| 21:32 | Build | Farm |
| 21:42 | Build | Farm |
| 21:48 | Build | Farm |
| 21:50 | Create | Villager (Male) |
| 21:51 | Create | Villager (Male) |
| 21:51 | Create | Villager (Male) |
| 21:56 | Create | Villager (Male) |
| 22:12 | Create | Villager (Male) |
| 22:14 | Create | Villager (Male) |
| 22:26 | Research | Heavy Plow |
| 22:30 | Create | Villager (Male) |
| 22:38 | Create | Villager (Male) |
| 22:47 | Create | Villager (Male) |
| 22:53 | Build | Farm |
| 22:53 | Build | Farm |
| 22:54 | Build | Farm |
| 22:54 | Build | Farm |
| 22:55 | Build | Farm |
| 23:00 | Create | Villager (Male) |
| 23:01 | Create | Villager (Male) |
| 23:02 | Create | Villager (Male) |
| 23:05 | Create | Villager (Male) |
| 23:16 | Create | Villager (Male) |
| 23:24 | Build | House |
| 23:25 | Build | House |
| 23:26 | Build | House |
| 23:27 | Build | House |
| 23:29 | Build | House |
| 23:29 | Build | House |
| 23:34 | Create | Villager (Male) |
| 23:36 | Create | Villager (Male) |
| 23:38 | Create | Villager (Male) |
| 23:39 | Create | Villager (Male) |
| 23:40 | Create | Villager (Male) |
| 23:44 | Build | Farm |
| 23:59 | Build | Farm |
| 24:02 | Create | Villager (Male) |
| 24:03 | Create | Villager (Male) |
| 24:07 | Research | Gold Mining |
| 24:10 | Create | Villager (Male) |
| 24:10 | Create | Villager (Male) |
| 24:45 | Build | Castle |
| 24:48 | Research | Forging |
| 24:49 | Research | Scale Mail Armor |
| 24:53 | Build | Farm |
| 24:57 | Research | Stone Mining |
| 24:57 | Research | Gold Shaft Mining |
Build order — Rorschach
First 150 of 365 actions detected
| 0:02 | Build | House |
| 0:04 | Build | House |
| 0:05 | Create | Villager (Male) |
| 0:06 | Create | Villager (Male) |
| 0:06 | Create | Villager (Male) |
| 0:06 | Create | Villager (Male) |
| 1:32 | Create | Villager (Male) |
| 1:49 | Build | Lumber Camp |
| 2:06 | Create | Villager (Male) |
| 2:24 | Create | Villager (Male) |
| 2:51 | Create | Villager (Male) |
| 3:05 | Build | House |
| 3:08 | Create | Villager (Male) |
| 3:39 | Create | Villager (Male) |
| 4:06 | Build | Mill |
| 4:19 | Research | Loom |
| 4:35 | Create | Villager (Male) |
| 4:35 | Create | Villager (Male) |
| 5:10 | Build | House |
| 5:22 | Create | Villager (Male) |
| 5:23 | Create | Villager (Male) |
| 5:23 | Create | Villager (Male) |
| 5:23 | Create | Villager (Male) |
| 6:12 | Create | Villager (Male) |
| 6:13 | Create | Villager (Male) |
| 6:32 | Create | Villager (Male) |
| 6:35 | Build | House |
| 6:43 | Create | Villager (Male) |
| 8:13 | Create | Villager (Male) |
| 8:13 | Create | Villager (Male) |
| 8:32 | Build | Barracks |
| 8:36 | Build | House |
| 9:05 | Create | Villager (Male) |
| 9:44 | Research | Feudal Age |
| 10:03 | Build | House |
| 10:04 | Build | House |
| 10:05 | Build | House |
| 10:06 | Build | House |
| 11:00 | Build | Mining Camp |
| 11:54 | Age | Feudal Age |
| 11:55 | Research | Horse Collar |
| 11:56 | Research | Double-Bit Axe |
| 12:00 | Research | Wheelbarrow |
| 12:06 | Build | Farm |
| 12:06 | Build | Farm |
| 12:06 | Build | Farm |
| 12:06 | Build | Farm |
| 12:06 | Build | Farm |
| 12:17 | Build | Archery Range |
| 12:49 | Build | Market |
| 12:58 | Create | Villager (Male) |
| 12:58 | Create | Villager (Male) |
| 12:58 | Create | Villager (Male) |
| 14:18 | Create | Villager (Male) |
| 14:28 | Build | Outpost |
| 14:33 | Build | Outpost |
| 14:36 | Build | Outpost |
| 14:45 | Create | Villager (Male) |
| 15:18 | Build | Blacksmith |
| 15:26 | Build | Farm |
| 15:26 | Build | Farm |
| 15:26 | Build | Farm |
| 15:26 | Build | Farm |
| 15:28 | Create | Villager (Male) |
| 15:28 | Create | Villager (Male) |
| 16:11 | Research | Castle Age |
| 16:49 | Build | Farm |
| 16:49 | Build | Farm |
| 16:50 | Build | Farm |
| 16:50 | Build | Farm |
| 17:35 | Research | Fletching |
| 17:36 | Research | Padded Archer Armor |
| 17:41 | Create | Skirmisher |
| 17:41 | Create | Skirmisher |
| 17:41 | Create | Skirmisher |
| 17:41 | Create | Skirmisher |
| 17:42 | Create | Skirmisher |
| 17:42 | Create | Skirmisher |
| 17:42 | Create | Skirmisher |
| 18:58 | Age | Castle Age |
| 19:02 | Research | Bow Saw |
| 19:03 | Research | Heavy Plow |
| 19:10 | Build | Town Center |
| 19:29 | Create | Villager (Male) |
| 19:29 | Create | Villager (Male) |
| 19:29 | Create | Villager (Male) |
| 19:30 | Create | Villager (Male) |
| 19:55 | Build | Town Center |
| 20:03 | Research | Leather Archer Armor |
| 20:55 | Create | Villager (Male) |
| 20:56 | Create | Villager (Male) |
| 20:56 | Create | Villager (Male) |
| 20:56 | Create | Villager (Male) |
| 21:01 | Create | Villager (Male) |
| 21:01 | Create | Villager (Male) |
| 21:11 | Research | Elite Skirmisher (upgrade) |
| 21:35 | Build | University |
| 21:41 | Create | Villager (Male) |
| 21:43 | Create | Villager (Male) |
| 21:44 | Create | Villager (Male) |
| 21:44 | Create | Villager (Male) |
| 21:45 | Create | Villager (Male) |
| 22:05 | Build | Monastery |
| 22:14 | Create | Villager (Male) |
| 22:19 | Create | Villager (Male) |
| 22:19 | Create | Villager (Male) |
| 22:26 | Create | Skirmisher |
| 22:26 | Create | Skirmisher |
| 22:26 | Create | Skirmisher |
| 22:26 | Create | Skirmisher |
| 22:43 | Research | Treadmill Crane |
| 22:52 | Research | Ballistics |
| 22:59 | Create | Villager (Male) |
| 23:01 | Create | Villager (Male) |
| 23:03 | Create | Villager (Male) |
| 23:23 | Build | Archery Range |
| 23:29 | Build | Farm |
| 23:39 | Build | Farm |
| 23:44 | Build | House |
| 23:56 | Research | Bodkin Arrow |
| 24:02 | Create | Skirmisher |
| 24:03 | Create | Skirmisher |
| 24:07 | Create | Villager (Male) |
| 24:12 | Build | Farm |
| 24:14 | Create | Villager (Male) |
| 24:20 | Create | Villager (Male) |
| 24:30 | Build | Farm |
| 24:32 | Create | Villager (Male) |
| 24:38 | Create | Villager (Male) |
| 24:47 | Build | House |
| 24:49 | Build | House |
| 24:51 | Build | House |
| 24:52 | Build | House |
| 24:58 | Create | Villager (Male) |
| 25:01 | Create | Villager (Male) |
| 25:06 | Create | Monk |
| 25:46 | Create | Villager (Male) |
| 25:47 | Create | Villager (Male) |
| 25:47 | Create | Villager (Male) |
| 25:48 | Create | Villager (Male) |
| 25:49 | Create | Villager (Male) |
| 25:56 | Create | Villager (Male) |
| 25:56 | Create | Villager (Male) |
| 26:06 | Build | Farm |
| 26:07 | Build | Farm |
| 26:07 | Build | Farm |
| 26:07 | Build | Farm |
| 26:10 | Build | Farm |
| 26:49 | Build | Castle |
| 26:53 | Create | Skirmisher |
Build order — Alice
First 150 of 268 actions detected
| 0:03 | Build | House |
| 0:04 | Build | House |
| 0:07 | Create | Villager (Male) |
| 0:07 | Create | Villager (Male) |
| 0:20 | Create | Villager (Male) |
| 0:20 | Create | Villager (Male) |
| 1:25 | Create | Villager (Male) |
| 2:05 | Create | Villager (Male) |
| 2:49 | Create | Villager (Male) |
| 2:51 | Create | Villager (Male) |
| 3:27 | Create | Villager (Male) |
| 3:31 | Create | Villager (Male) |
| 3:50 | Create | Villager (Male) |
| 3:59 | Build | House |
| 4:00 | Build | House |
| 4:48 | Create | Villager (Male) |
| 4:48 | Create | Villager (Male) |
| 5:32 | Create | Villager (Male) |
| 5:32 | Create | Villager (Male) |
| 5:57 | Build | Mining Camp |
| 6:42 | Create | Villager (Male) |
| 7:03 | Create | Villager (Male) |
| 7:25 | Build | Mill |
| 7:53 | Build | Lumber Camp |
| 8:28 | Create | Villager (Male) |
| 8:28 | Create | Villager (Male) |
| 8:46 | Create | Villager (Male) |
| 9:01 | Build | Mill |
| 9:34 | Build | House |
| 9:35 | Build | House |
| 9:53 | Create | Villager (Male) |
| 9:57 | Create | Villager (Male) |
| 10:02 | Create | Villager (Male) |
| 10:36 | Research | Feudal Age |
| 11:44 | Create | Villager (Male) |
| 12:42 | Create | Villager (Male) |
| 13:18 | Age | Feudal Age |
| 13:21 | Build | Blacksmith |
| 13:31 | Build | Market |
| 13:42 | Build | Market |
| 13:49 | Build | Farm |
| 13:49 | Build | Farm |
| 13:50 | Build | Farm |
| 13:52 | Create | Villager (Male) |
| 14:11 | Build | Farm |
| 14:12 | Build | Farm |
| 14:43 | Create | Villager (Male) |
| 14:55 | Build | Farm |
| 15:12 | Build | Farm |
| 15:13 | Build | Farm |
| 15:14 | Build | Farm |
| 15:17 | Build | Farm |
| 15:35 | Research | Castle Age |
| 15:45 | Build | Mining Camp |
| 16:29 | Create | Villager (Male) |
| 16:29 | Create | Villager (Male) |
| 17:39 | Research | Double-Bit Axe |
| 17:43 | Research | Horse Collar |
| 18:15 | Age | Castle Age |
| 18:16 | Build | Farm |
| 18:18 | Build | Farm |
| 18:23 | Create | Villager (Male) |
| 18:36 | Build | Town Center |
| 18:55 | Create | Villager (Male) |
| 19:09 | Create | Villager (Male) |
| 19:09 | Create | Villager (Male) |
| 19:29 | Build | House |
| 19:30 | Build | House |
| 19:39 | Research | Heavy Plow |
| 19:46 | Create | Villager (Male) |
| 19:46 | Create | Villager (Male) |
| 19:46 | Create | Villager (Male) |
| 19:46 | Create | Villager (Male) |
| 20:03 | Build | Town Center |
| 20:35 | Build | Town Center |
| 20:45 | Create | Villager (Male) |
| 20:45 | Create | Villager (Male) |
| 20:57 | Research | Wheelbarrow |
| 21:00 | Create | Villager (Male) |
| 21:08 | Create | Villager (Male) |
| 21:22 | Create | Villager (Male) |
| 21:22 | Create | Villager (Male) |
| 21:22 | Create | Villager (Male) |
| 21:26 | Create | Villager (Male) |
| 21:28 | Create | Villager (Male) |
| 21:36 | Build | Farm |
| 21:38 | Build | Farm |
| 21:47 | Build | Farm |
| 21:48 | Build | Farm |
| 21:50 | Create | Villager (Male) |
| 21:51 | Create | Villager (Male) |
| 21:53 | Create | Villager (Male) |
| 21:53 | Create | Villager (Male) |
| 22:00 | Create | Villager (Male) |
| 22:07 | Build | Farm |
| 22:34 | Build | Farm |
| 22:35 | Create | Villager (Male) |
| 22:42 | Create | Villager (Male) |
| 22:49 | Create | Villager (Male) |
| 22:51 | Create | Villager (Male) |
| 23:09 | Research | Gold Mining |
| 23:32 | Create | Villager (Male) |
| 23:32 | Create | Villager (Male) |
| 23:38 | Build | Farm |
| 23:38 | Build | Farm |
| 23:49 | Build | Farm |
| 23:55 | Build | Farm |
| 23:56 | Build | Farm |
| 23:58 | Build | Farm |
| 24:00 | Create | Villager (Male) |
| 24:02 | Create | Villager (Male) |
| 24:11 | Build | House |
| 24:14 | Build | House |
| 24:14 | Build | House |
| 24:17 | Build | House |
| 24:23 | Create | Villager (Male) |
| 24:23 | Create | Villager (Male) |
| 24:23 | Create | Villager (Male) |
| 24:32 | Research | Hand Cart |
| 24:48 | Build | Lumber Camp |
| 24:56 | Create | Villager (Male) |
| 24:59 | Research | Loom |
| 25:11 | Create | Villager (Male) |
| 25:11 | Create | Villager (Male) |
| 25:36 | Build | Town Center |
| 25:55 | Create | Villager (Male) |
| 25:56 | Create | Villager (Male) |
| 25:57 | Create | Villager (Male) |
| 25:58 | Create | Villager (Male) |
| 25:59 | Create | Villager (Male) |
| 26:05 | Build | Farm |
| 26:07 | Build | Farm |
| 26:08 | Build | Farm |
| 26:17 | Build | Farm |
| 26:18 | Build | Farm |
| 26:33 | Build | Farm |
| 26:37 | Create | Villager (Male) |
| 26:38 | Create | Villager (Male) |
| 26:39 | Create | Villager (Male) |
| 26:39 | Create | Villager (Male) |
| 26:44 | Create | Villager (Male) |
| 26:44 | Create | Villager (Male) |
| 26:44 | Create | Villager (Male) |
| 26:49 | Research | Town Watch |
| 26:51 | Create | Villager (Male) |
| 26:52 | Create | Villager (Male) |
| 26:58 | Create | Villager (Male) |
| 26:58 | Create | Villager (Male) |
| 28:00 | Build | University |
| 28:09 | Build | Barracks |
Build order — Vincenzo
First 150 of 340 actions detected
| 0:01 | Create | Villager (Male) |
| 0:04 | Build | House |
| 0:09 | Build | House |
| 0:31 | Create | Villager (Male) |
| 0:32 | Create | Villager (Male) |
| 0:54 | Create | Villager (Male) |
| 1:50 | Create | Villager (Male) |
| 1:59 | Build | Lumber Camp |
| 2:13 | Create | Villager (Male) |
| 2:39 | Create | Villager (Male) |
| 2:51 | Research | Double-Bit Axe |
| 3:10 | Create | Villager (Male) |
| 3:31 | Create | Villager (Male) |
| 4:09 | Create | Villager (Male) |
| 4:42 | Build | Mill |
| 4:45 | Create | Villager (Male) |
| 4:54 | Build | House |
| 5:49 | Create | Villager (Male) |
| 5:53 | Create | Villager (Male) |
| 6:47 | Create | Villager (Male) |
| 6:55 | Build | Mining Camp |
| 7:16 | Create | Villager (Male) |
| 7:27 | Build | House |
| 7:48 | Create | Villager (Male) |
| 8:08 | Create | Villager (Male) |
| 8:27 | Build | Farm |
| 8:30 | Build | Farm |
| 8:35 | Build | Farm |
| 8:55 | Create | Villager (Male) |
| 8:56 | Create | Villager (Male) |
| 9:18 | Build | Farm |
| 9:27 | Build | Farm |
| 9:40 | Research | Feudal Age |
| 10:00 | Research | Gold Mining |
| 11:44 | Create | Villager (Male) |
| 11:55 | Age | Feudal Age |
| 12:06 | Create | Villager (Male) |
| 12:17 | Build | Blacksmith |
| 12:26 | Build | Market |
| 12:34 | Create | Villager (Male) |
| 12:42 | Build | House |
| 12:49 | Build | Farm |
| 12:55 | Research | Wheelbarrow |
| 13:12 | Build | Farm |
| 13:18 | Build | Mining Camp |
| 13:43 | Build | Farm |
| 13:58 | Build | Farm |
| 14:02 | Create | Villager (Male) |
| 14:22 | Create | Villager (Male) |
| 14:29 | Research | Horse Collar |
| 14:47 | Research | Castle Age |
| 15:23 | Build | Farm |
| 15:31 | Research | Gold Mining |
| 15:47 | Build | Farm |
| 16:05 | Research | Stone Mining |
| 16:16 | Research | Horse Collar |
| 16:43 | Create | Villager (Male) |
| 17:11 | Research | Stone Shaft Mining |
| 17:40 | Age | Castle Age |
| 17:46 | Build | Town Center |
| 17:51 | Create | Villager (Male) |
| 18:19 | Build | Farm |
| 18:47 | Build | Farm |
| 19:08 | Create | Villager (Male) |
| 19:08 | Create | Villager (Male) |
| 19:40 | Create | Villager (Male) |
| 19:41 | Create | Villager (Male) |
| 19:57 | Create | Villager (Male) |
| 19:58 | Create | Villager (Male) |
| 20:03 | Build | House |
| 20:09 | Build | Mining Camp |
| 20:25 | Create | Villager (Male) |
| 20:25 | Create | Villager (Male) |
| 20:28 | Create | Villager (Male) |
| 20:28 | Create | Villager (Male) |
| 20:46 | Create | Villager (Male) |
| 20:46 | Create | Villager (Male) |
| 20:47 | Create | Villager (Male) |
| 20:49 | Research | Bow Saw |
| 20:55 | Research | Heavy Plow |
| 21:20 | Create | Villager (Male) |
| 21:21 | Create | Villager (Male) |
| 21:21 | Create | Villager (Male) |
| 21:29 | Create | Villager (Male) |
| 21:51 | Build | Town Center |
| 21:54 | Create | Villager (Male) |
| 22:01 | Create | Villager (Male) |
| 22:02 | Create | Villager (Male) |
| 22:07 | Build | House |
| 22:21 | Create | Villager (Male) |
| 22:22 | Create | Villager (Male) |
| 22:54 | Research | Hand Cart |
| 23:13 | Research | Gold Shaft Mining |
| 23:21 | Research | Loom |
| 23:33 | Create | Villager (Male) |
| 23:34 | Create | Villager (Male) |
| 23:39 | Create | Villager (Male) |
| 23:39 | Create | Villager (Male) |
| 23:43 | Build | Farm |
| 23:46 | Build | Farm |
| 23:52 | Build | Farm |
| 23:54 | Create | Villager (Male) |
| 23:58 | Create | Villager (Male) |
| 24:09 | Build | Barracks |
| 24:15 | Create | Villager (Male) |
| 24:15 | Create | Villager (Male) |
| 24:16 | Create | Villager (Male) |
| 24:16 | Create | Villager (Male) |
| 24:22 | Build | Farm |
| 24:28 | Build | Farm |
| 24:31 | Build | Farm |
| 24:46 | Build | House |
| 24:50 | Build | House |
| 24:50 | Build | House |
| 24:52 | Build | House |
| 24:53 | Build | House |
| 24:58 | Create | Villager (Male) |
| 24:58 | Create | Villager (Male) |
| 25:10 | Build | Stable |
| 25:27 | Create | Villager (Male) |
| 25:28 | Create | Villager (Male) |
| 25:28 | Create | Villager (Male) |
| 25:28 | Create | Villager (Male) |
| 25:29 | Create | Villager (Male) |
| 25:29 | Create | Villager (Male) |
| 25:33 | Research | Forging |
| 25:46 | Build | Town Center |
| 26:02 | Build | Archery Range |
| 26:04 | Build | Archery Range |
| 26:13 | Create | Knight |
| 26:13 | Create | Knight |
| 26:13 | Create | Knight |
| 26:14 | Create | Knight |
| 26:24 | Create | Villager (Male) |
| 26:24 | Create | Villager (Male) |
| 26:25 | Create | Villager (Male) |
| 26:34 | Research | Crop Rotation |
| 26:49 | Create | Villager (Male) |
| 26:49 | Create | Villager (Male) |
| 27:21 | Build | Castle |
| 27:32 | Research | Elite Skirmisher (upgrade) |
| 27:33 | Create | Skirmisher |
| 27:33 | Create | Skirmisher |
| 27:33 | Create | Skirmisher |
| 27:33 | Create | Skirmisher |
| 27:34 | Create | Skirmisher |
| 27:34 | Create | Skirmisher |
| 27:34 | Create | Skirmisher |
| 27:47 | Create | Villager (Male) |
| 27:47 | Create | Villager (Male) |
Match timeline
| 8:32 | Rorschach · first_building Barracks |
| 10:31 | R3TR0 · age_up feudal |
| 11:21 | aleturrini1988 · age_up feudal |
| 11:32 | Toijye · age_up feudal |
| 11:54 | Rorschach · age_up feudal |
| 11:55 | Vincenzo · age_up feudal |
| 12:17 | Rorschach · first_building Archery Range |
| 13:18 | Alice · age_up feudal |
| 13:33 | R3TR0 · first_building Barracks |
| 14:54 | aleturrini1988 · age_up castle |
| 15:01 | R3TR0 · first_building Archery Range |
| 16:09 | R3TR0 · age_up castle |
| 16:17 | Toijye · age_up castle |
| 16:38 | aleturrini1988 · wall_segment Palisade Wall x1 |
| 17:40 | Vincenzo · age_up castle |
| 18:15 | Alice · age_up castle |
| 18:58 | Rorschach · age_up castle |
| 19:48 | Rorschach · first_market_buy 100 stone |
| 20:13 | aleturrini1988 · first_building Barracks |
| 21:08 | aleturrini1988 · first_building Archery Range |
| 21:47 | R3TR0 · first_building Monastery |
| 22:05 | Rorschach · first_building Monastery |
| 23:08 | aleturrini1988 · first_building Monastery |
| 24:09 | Vincenzo · first_building Barracks |
| 24:45 | Toijye · first_building Castle |
| 25:10 | Vincenzo · first_building Stable |
| 25:35 | aleturrini1988 · first_building Castle |
| 25:58 | Toijye · first_market_sell 100 wood |
| 26:02 | Vincenzo · first_building Archery Range |
| 26:49 | Rorschach · first_building Castle |
| 26:50 | Toijye · first_building Barracks |
| 27:21 | Vincenzo · first_building Castle |
| 28:09 | Alice · first_building Barracks |
| 28:14 | Rorschach · first_building Siege Workshop |
| 28:36 | aleturrini1988 · age_up imperial |
| 28:44 | R3TR0 · wall_segment Stone Wall x3 |
| 29:14 | Toijye · first_building Siege Workshop |
| 29:15 | Alice · first_building Castle |
| 29:18 | R3TR0 · first_market_sell 100 food |
| 29:22 | Alice · first_building Monastery |
| 29:38 | R3TR0 · wall_segment Stone Wall x4 |
| 31:47 | R3TR0 · first_market_buy 100 stone |
| 32:18 | R3TR0 · wall_segment Stone Wall x3 |
| 32:22 | R3TR0 · wall_segment Stone Wall x3 |
| 32:26 | R3TR0 · wall_segment Stone Wall x2 |
| 32:28 | Rorschach · age_up imperial |
| 32:30 | aleturrini1988 · first_building Stable |
| 33:47 | Alice · first_building Siege Workshop |
| 33:50 | Toijye · age_up imperial |
| 34:05 | Alice · age_up imperial |
| 34:08 | Toijye · first_building Archery Range |
| 34:22 | R3TR0 · age_up imperial |
| 34:29 | R3TR0 · first_building Castle |
| 34:50 | Vincenzo · first_market_buy 100 food |
| 35:30 | Alice · first_building Archery Range |
| 38:04 | Vincenzo · first_market_sell 100 stone |
| 38:57 | R3TR0 · wall_segment Stone Wall x3 |
| 39:02 | R3TR0 · wall_segment Stone Wall x3 |
| 39:06 | R3TR0 · wall_segment Stone Wall x4 |
| 41:17 | Vincenzo · age_up imperial |
| 42:07 | Alice · resign |
[ AI ANALYSIS · 1 CREDIT ]
What really happened in this match?
Wolo.gg analyzes every decision: build order, eco, micro, common mistakes by bracket. Personalized analysis on WhatsApp or Discord in 30 seconds.
Civ guide
Britons
Perfil
Jugador #14494739